 Dungeon Crawl Stone Soup version 0.31-a0-1-g4198be8af4 (webtiles) character file.

Game seed: 179485129729975277

99243 Lavandula the Black Sun (level 15, -11/115 HPs)
             Began as a Mummy Venom Mage on May 2, 2023.
             Was a High Priest of Kikubaaqudgha.
             Mangled by a thorn hunter (12 damage)
             ... on level 1 of the Swamp on May 3, 2023.
             The game lasted 01:45:26 (33374 turns).

Lavandula the Black Sun (Mummy Venom Mage)         Turns: 33374, Time: 01:45:26

Health: -11/115    AC: 14    Str: 14    XL:     15   Next: 77%
Magic:  3/27       EV: 12    Int: 24    God:    Kikubaaqudgha [*****.]
Gold:   1387       SH:  8    Dex: 12    Spells: 1/31 levels left

rFire   . . .        B - +9 scimitar (spect)
rCold   + + +        j - +3 warlock's mirror {omnireflect}
rNeg    + + +        a - +0 troll leather armour
rPois   ∞            s - +2 helmet of the Butcher {Int+4}
rElec   .            P - scarf {rC+ rF+}
rCorr   +            p - +2 pair of gloves
SInv    +            R - +2 pair of boots of Pride {rC+}
Will    +....        O - amulet of regeneration
Stlth   +++          i - ring of wizardry
HPRegen 1.99/turn    Q - ring "Redel" {rN+ rCorr SInv}
MPRegen 0.20/turn

%: reflection, faith, wizardry (x1)
@: about to teleport, studying Ice Magic
A: cold resistance 1, negative energy resistance 3, torment resistance 2, heat
vulnerability 1, in touch with death 2, no potions, faith
a: Renounce Religion, Unearth Wretches, Torment


You were on level 1 of the Swamp.
You worshipped Kikubaaqudgha.
Kikubaaqudgha was extremely pleased with you.
You visited 5 branches of the dungeon, and saw 24 of its levels.
You also visited: Ossuary and Ice Cave.

You collected 3155 gold pieces.
You spent 1768 gold pieces at shops.

Inventory:

Hand Weapons
 B - a +9 spectral scimitar (weapon)
Missiles
 c - 57 poisoned darts
 h - 8 atropa-tipped darts
 l - 4 curare-tipped darts
 q - 4 silver javelins
 z - 3 javelins (quivered)
Armour
 a - a +0 troll leather armour (worn)
 j - the +3 warlock's mirror (worn) {omnireflect}
   (You acquired it on level 6 of the Dungeon)

   Omnireflect: It can block and reflect piercing ranged attacks and magical
   attacks against the wielder's willpower.
 p - a +2 pair of gloves (worn)
 s - the +2 helmet of the Butcher (worn) {Int+4}
   (You bought it in a shop on level 10 of the Dungeon)

   Int:       It affects your intelligence (+4).
 E - +0 acid dragon scales
 F - a +1 cloak of preservation
 G - a +1 robe of cold resistance
 H - the +0 ring mail of Responsibility {rElec Str+5 Dex-5}
   (You found it on level 1 of the Lair of Beasts)

   Str:       It affects your strength (+5).
   Dex:       It affects your dexterity (-5).
   rElec:     It insulates you from electricity.
 I - +0 fire dragon scales
 P - a scarf of resistance (worn)
 R - the +2 pair of boots of Pride (worn) {rC+}
   (You bought it in a shop on level 2 of the Orcish Mines)

   rC:        It protects you from cold.
Jewellery
 g - a +5 ring of evasion
 i - a ring of wizardry (left hand)
 u - a ring of fire
 w - a +4 ring of protection
 y - a ring of resist corrosion
 D - a ring of ice
 M - a +4 ring of protection
 O - an amulet of regeneration (around neck)
 Q - the ring "Redel" (right hand) {rN+ rCorr SInv}
   (You found it in an ice cave)

   [ring of positive energy]

   rN:        It protects you from negative energy.
   SInv:      It lets you see invisible.
   rCorr:     It protects you from acid and corrosion.
Wands
 r - a wand of flame (30)
 t - a wand of paralysis (15)
 A - a wand of polymorph (9)
 C - a wand of digging (9)
 J - a wand of roots (24)
 K - a wand of quicksilver (8)
Scrolls
 b - 10 scrolls of teleportation
 d - 5 scrolls of fog
 e - 4 scrolls of vulnerability
 f - a scroll of magic mapping
 k - a scroll of torment
 m - 12 scrolls of identify
 o - 4 scrolls of immolation
 L - 2 scrolls of enchant weapon
 N - a scroll of amnesia
 S - 2 scrolls of poison
Miscellaneous
 x - a phantom mirror (inert)


   Skills:
 - Level 10.0 Fighting
 - Level 11.9 Long Blades
 - Level 2.3 Axes
 - Level 5.0 Armour
 - Level 5.0 Dodging
 - Level 5.0 Stealth
 - Level 4.0 Shields
 - Level 8.7 Spellcasting
 + Level 8.1 Summonings
 - Level 12.5 Necromancy
 - Level 0.7 Transmutations
 - Level 2.0 Fire Magic
 - Level 10.2 Ice Magic
 - Level 6.1 Poison Magic
 - Level 1.9 Evocations


You had one spell level left.
You knew the following spells:

 Your Spells              Type           Power      Damage    Failure   Level
a - Sting                 Tmut/Pois      100%       1d8       1%          1
b - Simulacrum            Ice/Necr       49%        N/A       6%          6
c - Mephitic Cloud        Conj/Pois/Air  20%        N/A       5%          3
d - Olgreb's Toxic Radia  Pois           40%        N/A       3%          4
e - Summon Small Mammal   Summ           100%       N/A       1%          1
f - Ignite Poison         Fire/Tmut/Pois 24%        N/A       3%          3
g - Death Channel         Necr           51%        N/A       3%          6
h - Summon Cactus Giant   Summ           24%        N/A       21%         6

Your spell library contained the following spells:

 Spells                   Type           Power      Damage    Failure   Level
 Freeze                   Ice            100%       1d10      1%          1
 Kiss of Death            Conj/Necr      100%       2d13      1%          1
 Necrotise                Necr           100%       1d9       1%          1
 Apportation              Tloc           20%        N/A       4%          1
 Sandblast                Erth           20%        2d7       4%          1
 Cigotuvi's Dreadful Rot  Necr/Pois/Air  100%       N/A       1%          2
 Poisonous Vapours        Pois/Air       50%        N/A       1%          2
 Frozen Ramparts          Ice            100%       1d16      1%          3
 Hailstorm                Conj/Ice       35%        3d9       1%          3
 Vampiric Draining        Necr           100%       2d13      1%          3
 Dispel Undead            Necr           100%       3d31      1%          4
 Agony                    Necr           100%       N/A       1%          5
 Scorch                   Fire           40%        2d7       2%          2
 Anguish                  Hex/Necr       37%        N/A       3%          4
 Passwall                 Tmut/Erth      10%        N/A       4%          2
 Stone Arrow              Conj/Erth      20%        3d8       12%         3
 Vhi's Electric Charge    Tloc/Air       20%        N/A       12%         3
 Flame Wave               Conj/Fire      15%        2d7       26%         4
 Sticky Flame             Conj/Fire      15%        2d4       26%         4
 Arcjolt                  Conj/Air       5%         1d15      69%         5
 Enfeeble                 Hex            5%         N/A       100%        7
 Ignition                 Fire           10%        3d5       100%        8
 Maxwell's Capacitive Co  Air            5%         ∞         100%        8


Dungeon Overview and Level Annotations

Branches:
Dungeon (15/15)            Temple (1/1) D:7            Lair (5/5) D:10
  Swamp (1/4) Lair:2       Spider (0/4) Lair:2        Slime (0/5) Lair:5
    Orc (2/2) D:11            Elf (0/3) Orc:2        Vaults (0/5) D:14
 Depths (0/4) D:15        Ossuary (visited)           IceCv (visited)

Altars:
Ashenzari
Cheibriados
Dithmenos
Fedhas
Gozag
Hepliaklqana
Kikubaaqudgha
Makhleb
Nemelex Xobeh
Okawaru
Qazlal
Ru
Sif Muna
Trog
Uskayaw
Vehumet
Wu Jian
Xom
Yredelemnul
Jiyva

Shops:
D:5 !!:[   D:10 ([=[*   D:14 (   Orc:2 ??[:

Annotations:
D:8 2 runed translucent doors, Smoky173's ghost, novice DsMo
D:9 4 runed translucent doors, Gastronok; MrShunz's ghost, novice MiBe
D:15 3 runed translucent doors, 4 transporters, Jugyrem's ghost, journeyman DsCA
Lair:1 1 runed translucent door
Swamp:1 Louise


Innate Abilities, Weirdness & Mutations

You are immune to poison.
Your flesh is cold resistant. (rC+)
You are immune to negative energy. (rN+++)
You are immune to unholy pain and torment.
You are vulnerable to heat. (rF-)
You are strongly in touch with the powers of death.
You do not drink.
You have a special connection with the divine. (Faith)


Message History

You feel strangely unstable.
Your unholy channel expires.
Your spectral seven-headed hydra fades into mist!
Your spectral bunyip fades into mist!
Your spectral goliath frog fades into mist!
Your spectral swamp worm fades into mist!
The alligator puts on a burst of speed!
The thorn hunter gestures.
Unknown command.
Your surroundings seem slightly different.
Louise, a bog body and a vampire mosquito come into view.
Louise is wielding a +2 morningstar of holy wrath.
Found 4 stones and 2 gold pieces.
Louise shouts!
The vampire mosquito buzzes angrily.
The thorn hunter hits you but does no damage.
You block the thorn hunter's attack.
The bog body gestures at you while chanting.
The bolt of cold hits you. You resist.
The thorn hunter fires a volley of thorns at you.
The volley of thorns hits you!!!
* * * LOW HITPOINT WARNING * * *
Okay, then.
Level annotation: Louise Welcome back, Lavandula the Mummy Venom Mage.
Kikubaaqudgha says: Spread unending torment and darkness!
Press ? for a list of commands and other information.
Unknown command.
Unknown command.
Unknown command.
Unknown command.
Okay, then.
Okay, then.
Okay, then.
Unknown command.
As you read the scroll of teleportation, it crumbles to dust.
You feel strangely unstable. The vampire mosquito bites you.
* * * LOW HITPOINT WARNING * * *
The thorn hunter hits you!
You die...
Kikubaaqudgha rasps: "You have failed me!
Welcome... oblivion!"

. ♣♣ ♣♣ ♣ ~~ ~♣♣♣♣♣♣♣.
♣♣ ~~$ ~♣[.~~~ ♣.
~.~~♣~~~.§ ♣♣~
..~~.♣...♣♣♣♣♣♣♣ ♣♣♣♣♣.~
~~(...~..~....~♣♣♣.~..†°
~~~...y@.i~....♣♣~.~..~~
~~~@§..f~t~t...♣♣..♣♣<†w
~~~~~°~~~~~~..~♣♣.~♣♣§.w
..♣♣n~~~~~~†††♣♣♣..♣♣~.t
. ♣.~~~~~†~~~.♣♣...~).)
♣♣~..~~§~~~..♣~....~t
♣~...~~~.....~.~~x~~
♣♣.~.~~~..♣...~.~~~~
♣♣♣♣.~♣♣♣♣♣♣~♣♣.~~~


You could see Louise, a thorn hunter, 2 alligators, a spriggan druid, a bog body
and a vampire mosquito.

Vanquished Creatures
  An azure jelly (IceCv)
  Nessos (D:12)
  Josephine (D:15)
  2 fire dragons (D:15)
  5 vault guards (D:14)
  Fannar (Lair:1)
  6 hydras
  4 centaur warriors
  An ogre mage (D:14)
  3 death yaks (Lair:4)
  3 boulder beetles
  A two-headed ogre (D:9)
  3 tengu warriors
  4 orc high priests (Orc:2)
  6 skeletal warriors
  A goliath frog (Swamp:1)
  2 spriggan druids (Swamp:1)
  An orc knight (Orc:1)
  2 wizards
  2 lindwurms (Lair:5)
  5 deep elf pyromancers
  2 ugly things
  An orc sorcerer (Orc:2)
  A salamander (shapeshifter) (D:14)
  7 cyclopes
  A nameless horror (D:15)
  7 elephants
  8 black mambas
  8 cane toads
  2 molten gargoyles (Lair:5)
  3 gargoyles
  2 kobold demonologists (D:9)
  7 rime drakes
  A yaktaur (D:14)
  3 unseen horrors
  9 komodo dragons
  An efreet (D:15)
  A tengu conjurer (D:15)
  10 trolls
  4 hornets
  Grinder (D:6)
  3 polar bears
  6 blink frogs
  2 dream sheep (Lair:5)
  2 spriggans (Swamp:1)
  3 shadows
  12 wraiths
  Sigmund (D:2)
  23 slime creatures
  A water elemental (D:15)
  A vampire (D:6)
  2 hogs (D:12)
  A fire elemental (D:14)
  A human (Lair:1)
  3 basilisks
  20 yaks
  13 wyverns
  A steam dragon (D:6)
  10 vampire mosquitoes
  2 swamp worms
  6 acid dragons
  13 water moccasins
  3 hell hounds (Lair:5)
  6 ice beasts
  21 orc warriors
  A black bear (D:8)
  5 ogres
  2 sky beasts
  3 great orb of eyes simulacra (IceCv)
  14 wolves
  A boggart (D:10)
  7 centaurs
  A slime creature simulacrum (IceCv)
  A phantom (D:5)
  8 bullfrogs
  6 kobold brigands
  2 glowing shapeshifter simulacra (IceCv)
  A gnoll sergeant (D:10)
  2 scorpions
  14 wights
  11 killer bees
  8 electric eels
  6 howler monkeys
  4 lava snakes (Lair:5)
  3 hounds (D:6)
  A gnoll bouda (D:8)
  23 orc priests
  Jessica (D:3)
  3 sleepcaps
  Terence (D:2)
  7 iguanas
  18 orc wizards
  5 hell rats (Lair:5)
  4 shapeshifter simulacra (IceCv)
  3 mummies
  4 gnolls (D:8)
  15 adders
  3 river rats (Lair:5)
  2 white imps
  An ufetubus (D:6)
  A worm (D:2)
  A dart slug (D:1)
  61 orcs
  4 endoplasms
  7 giant cockroaches
  5 goblins
  9 hobgoblins
  5 jackals
  3 quokkas
  8 ball pythons
  5 bats
  3 frilled lizards
  5 goblin zombies (Ossuary)
  5 hobgoblin zombies (Ossuary)
  25 kobolds
  4 orc zombies (Ossuary)
  13 rats
  A spectral weapon (D:15)
646 creatures vanquished.

Vanquished Creatures (collateral kills)
  Rupert (D:15)
  Kirke (D:12)
  A bunyip (Swamp:1)
  6 slime creatures (IceCv)
  A fire dragon (Lair:5)
  3 hydras
  An ogre mage (D:14)
  An anaconda (Lair:4)
  A death yak (Lair:4)
  A skyshark (Lair:4)
  2 bog bodies (Swamp:1)
  A swamp dragon (Swamp:1)
  A lindwurm (Lair:5)
  A cyclops (D:15)
  A manticore (D:12)
  2 elephants (Lair:5)
  5 black mambas
  A gargoyle (D:14)
  A molten gargoyle (Lair:5)
  A torpor snail (Lair:5)
  3 cane toads
  A rime drake (Lair:5)
  3 komodo dragons
  A troll (D:14)
  A polar bear (Lair:5)
  3 meliai (D:13)
  2 blink frogs (Lair:4)
  3 dream sheep (Lair:5)
  A wraith (D:12)
  A spriggan (Swamp:1)
  A basilisk (Lair:5)
  8 yaks
  5 hogs (D:12)
  A fire elemental (Lair:4)
  4 vampire mosquitoes
  3 swamp worms
  An acid dragon (D:12)
  5 water moccasins (Lair:4)
  An orc warrior (Orc:2)
  An ice beast (IceCv)
  2 bullfrogs (Lair:4)
  An electric eel (Lair:3)
  2 lava snakes
  2 orc priests (Orc:2)
  An orc wizard (Orc:2)
  An endoplasm (D:4)
  A rat (Lair:5)
92 creatures vanquished.

Vanquished Creatures (others)
  A hydra (Swamp:1)
  A two-headed ogre (D:13)
  A deep elf pyromancer (D:13)
  A manticore (D:11)
  A wolf spider (D:15)
  An elephant (Lair:4)
  A cane toad (shapeshifter) (D:14)
  3 cane toads
  9 rime drakes
  5 komodo dragons
  A troll (D:15)
  A slime creature (D:11)
  2 yaks
  2 basilisks (Lair:4)
  3 water moccasins
  10 ice beasts (IceCv)
  A sky beast (D:15)
  5 bullfrogs
  A hound (D:15)
  An orc priest (Orc:2)
  A worm (D:12)
  An orc (D:13)
  A ball python (D:11)
  2 endoplasms
  A jackal (D:14)
  19 fungi
  51 plants
  A spectral weapon (D:15)
128 creatures vanquished.

Grand Total: 866 creatures vanquished

Notes
Turn   | Place    | Note
-------+----------+-------------------------------------------
     0 | D:1      | Lavandula the Mummy Venom Mage began the quest for the Orb.
     0 | D:1      | Reached XP level 1. HP: 13/13 MP: 4/4
   275 | D:1      | Reached XP level 2. HP: 13/19 MP: 1/5
   545 | D:1      | Learned a level 2 spell: Poisonous Vapours
   827 | D:1      | Gained mutation: You are in touch with the powers of death.
                  | [Mummy growth]
   827 | D:1      | Reached XP level 3. HP: 24/24 MP: 4/7
   831 | D:1      | Learned a level 3 spell: Mephitic Cloud
  1585 | D:2      | Noticed Sigmund
  1603 | D:2      | Killed Sigmund
  1604 | D:2      | Reached skill level 5 in Poison Magic
  1604 | D:2      | Reached XP level 4. HP: 22/30 MP: 2/8
  1604 | D:2      | Reached XP level 5. HP: 26/35 MP: 2/9
  1797 | D:2      | Learned a level 4 spell: Olgreb's Toxic Radiance
  2271 | D:2      | Noticed Terence
  2930 | D:2      | Found a faded altar of an unknown god.
  3027 | D:2      | Killed Terence
  3028 | D:2      | Reached XP level 6. HP: 41/41 MP: 1/10
  3180 | D:3      | Noticed Jessica
  3185 | D:3      | Killed Jessica
  4392 | D:4      | Learned a level 1 spell: Summon Small Mammal
  4453 | D:4      | Found a snail-covered altar of Cheibriados.
  4709 | D:4      | Found an iron altar of Okawaru.
  5397 | D:4      | Reached skill level 1 in Summonings
  5587 | D:5      | Entered Level 5 of the Dungeon
  5622 | D:5      | Found a sand-covered staircase.
  5662 | Ossuary  | Entered an ossuary
  5843 | Ossuary  | Reached skill level 1 in Axes
  5987 | D:5      | Reached XP level 7. HP: 41/46 MP: 11/11
  6195 | D:5      | Found Ipnei's Distillery.
  6217 | D:5      | Found Daboewof's Distillery.
  6366 | D:5      | Found a hazy altar of Hepliaklqana.
  6410 | D:5      | Found Plog's Book Shop.
  6416 | D:5      | Found a broken altar of Ashenzari.
  6449 | D:5      | Found a shimmering altar of Xom.
  6450 | D:5      | Bought an Everburning Encyclopedia for 432 gold pieces
  6461 | D:5      | Found a shimmering altar of Xom.
  6626 | D:5      | Learned a level 3 spell: Ignite Poison
  6705 | D:5      | Found Xockunyes's Antique Armour Shop.
  6784 | D:5      | Found a hide-covered altar of Uskayaw.
  6789 | D:5      | Found a sacrificial altar of Ru.
  6794 | D:5      | Found a basalt altar of Yredelemnul.
  7017 | D:6      | Noticed Grinder
  7028 | D:6      | Paralysed by Grinder for 5 turns
  7047 | D:6      | Killed Grinder
  7180 | D:6      | Noticed a vampire
  7388 | D:6      | Reached XP level 8. HP: 43/58 MP: 2/14
  8023 | D:6      | Reached skill level 5 in Dodging
  8023 | D:6      | Reached skill level 1 in Evocations
  8224 | D:6      | Identified a scroll of acquirement
  8225 | D:6      | Acquired the +3 warlock's mirror {omnireflect}
  8225 | D:6      | Found the +3 warlock's mirror {omnireflect}
  8386 | D:7      | Reached skill level 1 in Shields
  8439 | D:7      | Found a staircase to the Ecumenical Temple.
  8490 | Temple   | Entered the Ecumenical Temple
  8728 | D:7      | Reached XP level 9. HP: 44/64 MP: 15/15
  9488 | D:8      | Found a radiant altar of Vehumet.
  9707 | D:8      | Noticed a gargoyle
  9931 | D:8      | Reached skill level 1 in Long Blades
 10003 | D:8      | Found a runed translucent door.
 10003 | D:8      | Noticed Smoky173's ghost (novice DsMo)
 10299 | D:8      | Found an ancient bone altar of Kikubaaqudgha.
 10415 | D:8      | Became a worshipper of Kikubaaqudgha
 10551 | D:8      | Identified the +2 robe of the Unbroken {Str+3}
 10621 | D:8      | Reached skill level 5 in Long Blades
 10923 | D:8      | Found a runed translucent door.
 10979 | D:8      | Killed a gargoyle
 11226 | D:8      | Noticed a death knight
 11226 | D:8      | Noticed a skeletal warrior
 11334 | D:9      | Reached XP level 10. HP: 64/70 MP: 8/16
 11336 | D:9      | Noticed Gastronok
 11559 | D:9      | Noticed a two-headed ogre
 11565 | D:9      | Killed a two-headed ogre
 11695 | D:8      | Reached * piety under Kikubaaqudgha
 11695 | D:8      | Received a gift from Kikubaaqudgha
 11979 | D:9      | Found a runed translucent gate.
 11988 | D:9      | Found a runed translucent gate.
 11989 | D:9      | Found a runed translucent gate.
 11990 | D:9      | Found an opulent altar of Gozag.
 11991 | D:9      | Noticed a rust devil
 11992 | D:9      | Noticed MrShunz's ghost (novice MiBe)
 11992 | D:9      | Noticed a rakshasa
 11993 | D:9      | Noticed a rust devil
 13156 | D:10     | Entered Level 10 of the Dungeon
 13156 | D:10     | Found Wussoesm's Assorted Antiques.
 13283 | D:9      | Found a runed translucent door.
 13283 | D:9      | Noticed a rakshasa
 13659 | D:10     | Noticed a tengu warrior
 13683 | D:10     | Found a staircase to the Lair.
 13684 | D:10     | Killed a tengu warrior
 13686 | D:10     | Reached skill level 5 in Stealth
 13686 | D:10     | Reached XP level 11. HP: 56/75 MP: 3/17
 13691 | D:10     | Found Astatach's Antique Armour Emporium.
 13977 | D:10     | Bought a smoking helmet for 237 gold pieces
 13977 | D:10     | Identified the +2 helmet of the Butcher {Int+4} (You bought
                  | it in a shop on level 10 of the Dungeon)
 14242 | D:10     | Reached skill level 5 in Fighting
 14329 | D:10     | Reached ** piety under Kikubaaqudgha
 14620 | D:10     | Found Viffunu's Antique Weapon Emporium.
 14674 | D:10     | Identified the +6 sling of the Ageless Ears {drain, Will+
                  | Str+3}
 14798 | D:10     | Noticed a wizard
 14897 | D:10     | Killed a wizard
 14898 | D:10     | Reached skill level 5 in Spellcasting
 15000 | D:10     | Noticed a five-headed hydra
 15021 | D:10     | Killed a five-headed hydra
 15022 | D:10     | Reached skill level 1 in Armour
 15029 | D:10     | Learned a level 6 spell: Summon Cactus Giant
 15555 | D:10     | Found Bucaoc's Armour Shop.
 15563 | D:10     | Bought a +1 cloak of preservation for 280 gold pieces
 15759 | D:10     | Found Cocarr's Jewellery Boutique.
 15839 | Lair:1   | Entered Level 1 of the Lair of Beasts
 15984 | Lair:1   | Reached skill level 5 in Armour
 15984 | Lair:1   | Reached skill level 1 in Necromancy
 16091 | Lair:1   | Noticed Fannar
 16103 | Lair:1   | Killed Fannar
 16104 | Lair:1   | Reached skill level 3 in Necromancy
 16294 | Lair:1   | Identified the +0 ring mail of Responsibility {rElec Str+5
                  | Dex-5}
 16328 | Lair:1   | Reached *** piety under Kikubaaqudgha
 16328 | Lair:1   | Received a gift from Kikubaaqudgha
 16382 | Lair:1   | Reached skill level 4 in Necromancy
 16611 | Lair:1   | Reached skill level 5 in Necromancy
 16611 | Lair:1   | Reached XP level 12. HP: 85/88 MP: 13/21
 16982 | Lair:1   | Found a runed translucent door.
 17175 | Lair:1   | Noticed a vampire mage
 17212 | Lair:2   | Reached skill level 6 in Necromancy
 17220 | Lair:2   | Learned a level 6 spell: Death Channel
 17257 | Lair:2   | Found a hole to the Spider Nest.
 17502 | Lair:2   | Reached skill level 7 in Necromancy
 17816 | Lair:2   | Noticed an eight-headed hydra
 17833 | Lair:2   | Killed an eight-headed hydra
 17834 | Lair:2   | Reached skill level 8 in Necromancy
 18246 | Lair:2   | Noticed an eight-headed hydra
 18389 | Lair:3   | Found a shimmering altar of Xom.
 18624 | Lair:3   | Reached skill level 9 in Necromancy
 19430 | Lair:4   | Noticed a death yak
 19431 | Lair:4   | Noticed a death yak
 19431 | Lair:4   | Noticed a death yak
 19432 | Lair:4   | Noticed a death yak
 19449 | Lair:4   | Killed a death yak
 19450 | Lair:4   | Reached skill level 10 in Necromancy
 19453 | Lair:4   | Killed a death yak
 19466 | Lair:4   | Killed a death yak
 19466 | Lair:4   | Killed a death yak
 19693 | Lair:4   | Reached **** piety under Kikubaaqudgha
 19697 | Lair:4   | Gained mutation: You are strongly in touch with the powers
                  | of death. [Mummy growth]
 19697 | Lair:4   | Reached XP level 13. HP: 86/93 MP: 3/22
 19827 | Lair:4   | Reached skill level 10 in Long Blades
 21010 | Lair:5   | Entered Level 5 of the Lair of Beasts
 21010 | Lair:5   | Found a large runed translucent door.
 21010 | Lair:5   | Found a large runed translucent door.
 21037 | Lair:5   | Noticed a fire dragon
 21115 | Lair:5   | Reached skill level 10 in Fighting
 21117 | Lair:5   | Reached skill level 11 in Necromancy
 21120 | Lair:5   | Found a frozen archway.
 21129 | IceCv    | Entered an ice cave
 22169 | IceCv    | Identified the ring "Redel" {rN+ rCorr SInv}
 22169 | IceCv    | Noticed an azure jelly
 22171 | IceCv    | Found a viscous altar of Jiyva.
 22171 | IceCv    | Noticed an azure jelly
 22289 | IceCv    | Learned a level 6 spell: Simulacrum
 22440 | IceCv    | Reached skill level 1 in Ice Magic
 22597 | IceCv    | Killed an azure jelly
 22850 | Lair:5   | Found a staircase to the Slime Pits.
 22850 | Lair:5   | Found a viscous altar of Jiyva.
 23218 | Lair:5   | Reached skill level 5 in Ice Magic
 23219 | Lair:5   | Reached XP level 14. HP: 57/110 MP: 2/24
 23624 | Lair:5   | Identified the +6 ring mail of the Cuttlefish {rC+ Will+
                  | Str+2 Int+2}
 24782 | D:11     | Found a staircase to the Orcish Mines.
 25039 | D:11     | Reached skill level 10 in Ice Magic
 25576 | D:12     | Reached skill level 12 in Necromancy
 26301 | D:12     | Noticed Nessos
 26311 | D:12     | Killed Nessos
 26379 | D:12     | Noticed Kirke
 26384 | D:12     | Noticed a sphinx
 26395 | D:12     | Killed Kirke
 27446 | Orc:1    | Entered Level 1 of the Orcish Mines
 27758 | Orc:2    | Entered Level 2 of the Orcish Mines
 28345 | Orc:2    | Found a staircase to the Elven Halls.
 28532 | Orc:2    | Reached ***** piety under Kikubaaqudgha
 28752 | Orc:2    | Found Naifisi's Magic Scroll Emporium.
 28752 | Orc:2    | Found Anor Visi's Magic Scroll Emporium.
 28753 | Orc:2    | Found Bopabluf's Book Shoppe.
 28780 | Orc:2    | Found Tyxkig's Antique Armour Shoppe.
 28784 | Orc:2    | Bought a scroll of teleportation for 42 gold pieces
 28784 | Orc:2    | Bought a scroll of teleportation for 42 gold pieces
 28784 | Orc:2    | Bought a scroll of teleportation for 42 gold pieces
 28784 | Orc:2    | Bought a scroll of fear for 56 gold pieces
 28785 | Orc:2    | Bought a scroll of fog for 48 gold pieces
 28785 | Orc:2    | Bought a scroll of fear for 48 gold pieces
 28785 | Orc:2    | Bought a scroll of teleportation for 36 gold pieces
 28785 | Orc:2    | Bought a scroll of teleportation for 36 gold pieces
 28785 | Orc:2    | Bought a scroll of teleportation for 36 gold pieces
 28785 | Orc:2    | Bought a scroll of enchant armour for 90 gold pieces
 28785 | Orc:2    | Bought a scroll of poison for 48 gold pieces
 28785 | Orc:2    | Bought a scroll of poison for 48 gold pieces
 28816 | Orc:2    | Bought a pair of brightly glowing boots for 247 gold pieces
 28816 | Orc:2    | Identified the +2 pair of boots of Pride {rC+} (You bought
                  | it in a shop on level 2 of the Orcish Mines)
 30049 | D:14     | Found Qoak's Antique Weapon Emporium.
 30076 | D:14     | Reached XP level 15. HP: 92/115 MP: 22/25
 30669 | D:14     | Found a gate to the Vaults.
 31042 | D:15     | Entered Level 15 of the Dungeon
 31168 | D:14     | Learned a level 6 spell: Summon Cactus Giant
 31218 | D:15     | Acquired 510 gold pieces
 31372 | D:15     | Found a runed translucent gate.
 31372 | D:15     | Found a runed translucent gate.
 31373 | D:15     | Found a runed translucent gate.
 31374 | D:15     | Noticed Jugyrem's ghost (journeyman DsCA)
 31374 | D:15     | Noticed Jugyrem's ghost (journeyman DsCA)
 31408 | D:15     | Reached skill level 5 in Summonings
 31510 | D:15     | Noticed Rupert
 31536 | D:15     | Killed Rupert
 31714 | D:15     | Found a transporter.
 31717 | D:15     | Found a transporter.
 32308 | D:15     | Noticed Josephine
 32309 | D:15     | Found a transporter.
 32325 | D:15     | Killed Josephine
 32360 | D:15     | Found a transporter.
 32630 | D:15     | Found a staircase to the Depths.
 33215 | Lair:2   | Found a staircase to the Swamp.
 33328 | Swamp:1  | Entered Level 1 of the Swamp
 33370 | Swamp:1  | Noticed a thorn hunter
 33373 | Swamp:1  | Noticed Louise
 33373 | Swamp:1  | HP: 4/115 [thorn hunter/volley of thorns (41)]
 33374 | Swamp:1  | HP: 1/115 [vampire mosquito (5)]
 33374 | Swamp:1  | Mangled by a thorn hunter

Illustrated notes

Levels and vault maps discovered:
D:1:      dpeg_cavernosity, layout_basic
D:2:      layout_basic, dilly_ecumenical_altar_fadedgnrine, basic_altar,
          chequers_garden, st_stairs_2, kennysheep_path_1, uniq_terence,
          uniq_sigmund
D:3:      layout_rooms, uniq_jessica
D:4:      layout_loops_ring, okawaru_metal_pillars_3,
          mainiacjoe_overflow_two_lobes
D:5:      layout_rooms, nicolae_hepliaklqana_hippocampus,
          overflow_temple_1_default, xom_redecorated,
          minmay_overflow_temple_star_quad, gup_ossuary_entry_pyramid,
          serial_shops, nicolae_take_the_stairs,
          nicolae_shop_tiny_real_fake_doors, shop, nicolae_shop_crystal,
          minmay_crystal_room
D:6:      layout_basic, hangedman_minor_gate_pass, uniq_grinder
D:7:      layout_rooms, minmay_temple_entry_arrows
D:8:      layout_basic, fiery_altar_vehumet, old_standard_altar,
          hellmonk_ghost_big_iron, wad_hexagon
D:9:      layout_long_grid, ebering_ghost_gozag, minivault_13, uniq_gastronok
D:10:     hangedman_cross_cluster, layout_long_grid, serial_shops,
          nicolae_shop_hallway_plus, shop, nicolae_shop_back_alley_shop,
          nicolae_shop_scrapyard, nicolae_shop_hallway_stairs
D:11:     layout_irregular_city, erik_orc_2
D:12:     layout_irregular_city, hangedman_abyss_or_decor_stagger,
          nicolae_figureground_sparkle, uniq_nessos, uniq_kirke
D:13:     layout_irregular_city, fedhas_bush_and_centaur_altar
D:14:     layout_cave_pools, grunt_vaults_entry_fortified, serial_shops,
          nicolae_inconvenience_store
D:15:     grunt_enter_depths_hoard, layout_loops_ring, fountainhead,
          gammafunk_ghost_cemetery, chequers_serial_rivers_small_b,
          nicolae_transporter_circle, uniq_rupert, uniq_josephine
Temple:   minmay_temple_curvy_loop
Lair:1:   layout_loops_ring, pdpol_lair_cabin_in_the_woods,
          infiniplex_staircase_pool, lemuel_fruit_tree, uniq_fannar
Lair:2:   layout_gridlike, palyth_hydra_swamp_entry, dummy_spider_entry,
          nicolae_lair_grove_arrangements, grunt_megastairs_5,
          serial_bayou_shore_a
Lair:3:   layout_misc_corridors, basic_altar, serial_bayou, serial_bayou_ford_a,
          serial_bayou_lagoon_a, serial_bayou_pond_d, serial_bayou_lagoon_b
Lair:4:   beast_lair_carwin_large_4, layout_gridlike, grunt_megastairs_2
Lair:5:   cheibrodos_lair_end_hotspot, layout_loops_ring, slime_entry_1,
          portal_ice_cave_entry_pillars_1, kennysheep_abandoned_house
Swamp:1:  layout_basic_swamp, evilmike_swamp_ruin_house_4, water_boxes_lemuel,
          uniq_louise
Orc:1:    layout_diamond_mine
Orc:2:    st_orc_mages, layout_caves

Skill      XL: |  1  2  3  4  5  6  7  8  9 10 11 12 13 14 15 |
---------------+----------------------------------------------+-----
Poison Magic   | 3 5 6 |  6.1
Spellcasting   | 3 4 6 8 |  8.7
Summonings     | 1 8 |  8.1
Axes           | 1 2 |  2.3
Fire Magic     | 2 |  2.0
Fighting       | 3 6 10 | 10.0
Dodging        | 5 |  5.0
Evocations     | 1 |  1.9
Shields        | 2 4 |  4.0
Long Blades    | 6 8 9 10 11 | 11.9
Stealth        | 5 |  5.0
Armour         | 5 |  5.0
Necromancy     | 5 10 11 12 | 12.5
Ice Magic      | 5 10 | 10.2
Transmutations | |  0.7

Action                     |  1- 3 |  4- 6 |  7- 9 | 10-12 | 13-15 || total
---------------------------+-------+-------+-------+-------+-------++-------
  Melee: Unarmed           |     8 |       |       |       |       ||     8
         Dagger            |    20 |    78 |       |       |       ||    98
         Punch             |       |     5 |     2 |       |       ||     7
         Hand axe          |       |    45 |   105 |       |       ||   150
         Scimitar          |       |       |    93 |   239 |   789 ||  1121
  Throw: Javelin           |       |     5 |     2 |       |    19 ||    26
         Dart              |       |       |       |    19 |       ||    19
   Cast: Sting             |    50 |    46 |       |       |       ||    96
         Poisonous Vapours |     9 |    74 |    12 |       |       ||    95
         Olgreb's Toxic Ra |       |     4 |    28 |    93 |   102 ||   227
         Summon Small Mamm |       |    14 |     2 |     3 |     2 ||    21
         Mephitic Cloud    |       |       |    12 |    30 |    38 ||    80
         Ignite Poison     |       |       |    14 |    42 |    44 ||   100
         Death Channel     |       |       |       |     4 |    51 ||    55
         Simulacrum        |       |       |       |       |     4 ||     4
         Summon Cactus Gia |       |       |       |       |     3 ||     3
 Invoke: Unearth Wretches  |       |       |       |     2 |    31 ||    33
         Torment           |       |       |       |       |     1 ||     1
  Evoke: Wand              |       |     2 |     8 |     2 |    16 ||    28
         Phantom mirror    |       |       |       |       |     3 ||     3
    Use: Scroll            |       |     3 |    13 |     8 |    26 ||    50
   Stab: Distracted        |       |     1 |     1 |     1 |    13 ||    16
         Paralysed         |       |       |     6 |     1 |    23 ||    30
         Sleeping          |       |       |       |     3 |     8 ||    11
 Armour: Robe              |     5 |     3 |       |       |       ||     8
         Leather armour    |       |    39 |    77 |    21 |       ||   137
         Troll leather arm |       |       |       |    78 |   304 ||   382
         Acid dragon scale |       |       |       |     4 |       ||     4
  Dodge: Dodged            |    21 |    82 |   102 |   116 |   352 ||   673
  Block: Buckler           |       |       |    39 |   115 |   325 ||   479
         Reflection        |       |       |     2 |     8 |    20 ||    30

Table legend: (Time is in decaauts)
 A = Elapsed time spent in this place.
 B = Non-inter-level travel time spent in this place.
 C = Inter-level travel time spent in this place.
 D = Time resting spent in this place.
 E = Time spent auto-exploring this place.
 F = Levels seen in this place.
 G = Mean time per level.
                   A        B        C        D        E       F      G
               +--------+--------+--------+--------+--------+-----+--------+
         Total |  33581 |  31699 |   1882 |   5308 |  20054 |  26 | 1291.6 |
       Dungeon |  22121 |  20953 |   1168 |   3480 |  13543 |  15 | 1474.7 |
        Temple |    219 |    195 |     24 |      0 |    190 |   1 |  219.0 |
          Lair |   7209 |   6738 |    471 |    796 |   4696 |   5 | 1441.8 |
         Swamp |     45 |     45 |      0 |      0 |      0 |   1 |   45.0 |
  Orcish Mines |   2012 |   1794 |    218 |      9 |   1488 |   2 | 1006.0 |
       Ossuary |    305 |    305 |      0 |    127 |     74 |   1 |  305.0 |
      Ice Cave |   1667 |   1667 |      0 |    896 |     62 |   1 | 1667.0 |
               +--------+--------+--------+--------+--------+-----+--------+

Top non-repeatable levels by time:
     D:8: 2965 daAuts
    D:10: 1996 daAuts
     D:2: 1987 daAuts
    D:15: 1844 daAuts
   IceCv: 1667 daAuts
  Lair:4: 1653 daAuts
     D:9: 1632 daAuts
  Lair:5: 1629 daAuts
     D:1: 1475 daAuts
  Lair:1: 1425 daAuts
     D:6: 1423 daAuts
    D:12: 1363 daAuts
  Lair:2: 1325 daAuts
    D:11: 1298 daAuts
     D:4: 1196 daAuts
